 Dungeon Crawl Stone Soup version 0.28-a0-1167-g616b1c6417 (webtiles) character file.

Game seed: 14571412071321922443

13378 Fortus the Brawler (level 11, -9/94 HPs)
             Began as a Troll Monk on Dec 16, 2021.
             Was a Priest of the Shining One.
             Mangled by a 12-headed hydra (12 damage)
             ... on level 1 of the Lair of Beasts.
             The game lasted 00:12:44 (9238 turns).

Fortus the Brawler (Troll Monk)                     Turns: 9238, Time: 00:12:45

Health: -9/94      AC: 12    Str: 25    XL:     11   Next: 74%
Magic:  0/20       EV: 10    Int: 11    God:    the Shining One [***...]
Gold:   373        SH: 16    Dex: 12    Spells: 10/10 levels left

rFire   + + .      SeeInvis .     - Unarmed
rCold   + . .      Faith    .   b - +0 kite shield
rNeg    + . .      Spirit   +   y - +2 robe {rC+ rF+}
rPois   .          Reflect  .   M - +3 hat of Pondering {ponderous, Will+ MP+10 Int+5}
rElec   .          Harm     .   A - +2 cloak
rCorr   .          Rampage  .   (gloves unavailable)
Will    +....                   (boots unavailable)
Stlth   +.........              K - amulet of guardian spirit
HPRegen 1.05/turn               f - ring of flight
MPRegen 0.17/turn               j - ring of protection from fire

@: divinely shielded, flying, glowing, slow
A: large, unfitting armour, claws 3, regeneration 1, shaggy fur 1, tough skin 1
a: Renounce Religion, Divine Shield, Cleansing Flame


You were on level 1 of the Lair of Beasts.
You worshipped the Shining One.
The Shining One was most pleased with you.
You visited 3 branches of the dungeon, and saw 12 of its levels.

You collected 580 gold pieces.
You spent 207 gold pieces at shops.

Inventory:

Armour
 a - a +0 robe
 b - a +0 kite shield (worn)
 y - a +2 robe of resistance (worn)
 A - a +2 cloak (worn)
 M - the +3 hat of Pondering (worn) {ponderous, Will+ MP+10 Int+5}
   (You took it off Gastronok on level 10 of the Dungeon)

   Int:       It affects your intelligence (+5).
   MP:        It affects your magic capacity (+10).
   Will:      It increases your willpower.
Jewellery
 f - a ring of flight (left claw)
 j - a ring of protection from fire (right claw)
 s - a ring of protection from cold
 w - a ring of protection from cold
 K - an amulet of guardian spirit (around neck)
 L - a ring of positive energy
Wands
 l - a wand of polymorph (15)
 z - a wand of acid (10)
Scrolls
 c - a scroll of brand weapon {unknown}
 d - a scroll of summoning {unknown}
 g - a scroll of silence {unknown}
 k - a scroll of torment {unknown}
 m - 5 scrolls of teleportation
 n - 2 scrolls of holy word {unknown}
 p - 4 scrolls of immolation {unknown}
 r - 2 scrolls of magic mapping {unknown}
 B - a scroll of enchant weapon {unknown}
 C - a scroll of blinking {unknown}
 F - a scroll of fog {unknown}
 H - a scroll of enchant armour {unknown}
 J - 3 scrolls of identify
 N - a scroll of acquirement {unknown}
Potions
 e - 3 potions of haste
 h - 2 potions of brilliance
 i - 4 potions of mutation {unknown}
 o - 3 potions of flight {unknown}
 q - a potion of might
 t - 2 potions of magic {unknown}
 u - 2 potions of attraction {unknown}
 v - 4 potions of curing {unknown}
 x - 6 potions of degeneration
 D - 5 potions of lignification
 E - 2 potions of ambrosia {unknown}
 G - a potion of heal wounds {unknown}
 I - a potion of resistance {unknown}
 O - a potion of berserk rage {unknown}


   Skills:
 - Level 2.4 Fighting
 - Level 2.4 Dodging
 - Level 1.0 Stealth
 + Level 9.2 Shields
 * Level 15.7 Unarmed Combat


You had 10 spell levels left.
You didn't know any spells.
Your spell library contained the following spells:

 Spells                   Type           Power      Damage    Failure   Level
 Animate Skeleton         Necr           0%         N/A       34%         1
 Apportation              Tloc           0%         N/A       34%         1
 Magic Dart               Conj           0%         1d3       34%         1
 Pain                     Necr           0%         1d4       34%         1
 Sting                    Tmut/Pois      0%         1d3       34%         1
 Summon Small Mammal      Summ           0%         N/A       34%         1
 Call Imp                 Summ           0%         N/A       47%         2
 Poisonous Vapours        Pois/Air       0%         N/A       47%         2
 Sublimation of Blood     Necr           0%         N/A       47%         2
 Wereblood                Tmut           0%         N/A       47%         2
 Call Canine Familiar     Summ           0%         N/A       71%         3
 Conjure Flame            Conj/Fire      0%         6-21      71%         3
 Ignite Poison            Fire/Tmut/Pois 0%         N/A       71%         3
 Mephitic Cloud           Conj/Pois/Air  0%         N/A       71%         3
 Stone Arrow              Conj/Erth      0%         3d7       71%         3
 Summon Guardian Golem    Hex/Summ       0%         N/A       71%         3
 Animate Armour           Summ/Erth      0%         N/A       98%         4
 Olgreb's Toxic Radiance  Pois           0%         N/A       98%         4
 Sticky Flame             Conj/Fire      0%         2d3       98%         4
 Agony                    Necr           0%         N/A       100%        5
 Excruciating Wounds      Necr           0%         N/A       100%        5
 Summon Hydra             Summ           0%         N/A       100%        7
 Lehudib's Crystal Spear  Conj/Erth      0%         10d2      100%        8


Dungeon Overview and Level Annotations

Branches:
Dungeon (10/15)            Temple (1/1) D:5            Lair (1/6) D:10
    Orc: D:9-12

Altars:
Ashenzari
Cheibriados
Dithmenos
Elyvilon
Fedhas
Gozag
Hepliaklqana
Kikubaaqudgha
Makhleb
Nemelex Xobeh
Okawaru
Qazlal
Ru
Sif Muna
Trog
Uskayaw
Vehumet
Wu Jian
Xom
Yredelemnul
Zin
The Shining One

Shops:
D:3 !   D:5 *   D:8 ?[(


Innate Abilities, Weirdness & Mutations

You are too large for most types of armour.
You have claws for hands.
Your natural rate of healing is unusually fast.
You are covered in fur. (AC +1)
You have tough skin. (AC +1)


Message History

You are too injured to fight recklessly!
You are too injured to fight recklessly!
You are too injured to fight recklessly!
You tear one of the nine-headed hydra's heads off!
The eight-headed hydra grows two more!
You mangle the ten-headed hydra!!
The ten-headed hydra is severely wounded.
You are too injured to fight recklessly!
You rip one of the ten-headed hydra's heads off!
The nine-headed hydra grows two more!
You mangle the 11-headed hydra!!
The 11-headed hydra is almost dead.
The 11-headed hydra bites you! You block the 11-headed hydra's attack.
The 11-headed hydra bites you! You block the 11-headed hydra's attack.
The 11-headed hydra closely misses you. You block the 11-headed hydra's attack.
The 11-headed hydra bites you but does no damage.
You block the 11-headed hydra's attack. The 11-headed hydra bites you.
The 11-headed hydra bites you but does no damage.
The 11-headed hydra bites you.
You completely miss the 11-headed hydra.
The 11-headed hydra is almost dead.
You block the 11-headed hydra's attack. x2; The 11-headed hydra bites you.
You block the 11-headed hydra's attack.
The 11-headed hydra completely misses you. x2
The 11-headed hydra bites you.
* * * LOW HITPOINT WARNING * * *
The 11-headed hydra barely misses you. You block the 11-headed hydra's attack.
The 11-headed hydra bites you!
* * * LOW HITPOINT WARNING * * *
The 11-headed hydra completely misses you.
You claw one of the 11-headed hydra's heads off!
The ten-headed hydra grows two more!
You scratch the 12-headed hydra.
The 12-headed hydra is severely wounded.
You block the 12-headed hydra's attack. x3; The 12-headed hydra bites you.
* * * LOW HITPOINT WARNING * * *
The 12-headed hydra bites you!
* * * LOW HITPOINT WARNING * * *
The 12-headed hydra bites you but does no damage.
You block the 12-headed hydra's attack. The 12-headed hydra bites you!
The Shining One protects you from harm! The 12-headed hydra bites you!
You die...

.... ####..#.## ####
.........# ..... #
#........#....#....
#.#..................
#.#........#....#....
#..........#....#....
#.#.D......#.........
#...@P.P#.#.....P....
#...............#....
#...............###+#
#....................
###..##.####.######.#
####### ### ###


You could see a 12-headed hydra.

Vanquished Creatures
  Gastronok (D:10)
  A hydra (Lair:1)
  Sonja (D:10)
  Pikel (D:4)
  Joseph (D:10)
  2 cyclopes
  2 cane toads (Lair:1)
  Maggie (D:8)
  The ghost of AarnesTheHuman the Covered, a novice FoFi of Qazlal (D:5)
  Psyche (D:8)
  Prince Ribbit (D:8)
  24 yaks
  A wyvern (D:9)
  A steam dragon (D:8)
  A wraith (D:10)
  Sigmund (D:2)
  Edmund (D:4)
  A water moccasin (D:7)
  Duvessa (D:6)
  3 ice beasts
  2 sky beasts (D:7)
  2 orc warriors
  3 ogres
  3 centaurs
  A lemure (D:4)
  A kobold brigand (D:7)
  5 bullfrogs
  A gnoll sergeant (D:10)
  A wyvern zombie (D:7)
  Dowan (D:6)
  2 water moccasin skeletons
  5 killer bees (D:10)
  3 wights (D:8)
  6 howler monkeys (D:8)
  A centaur zombie (D:10)
  A bullfrog zombie (D:7)
  5 hounds
  2 gnoll shamans
  9 orc priests
  2 jellies
  Crazy Yiuf (D:7)
  Jessica (D:3)
  3 centaur skeletons
  Ijyb (D:3)
  Terence (D:3)
  An iguana (D:6)
  Natasha (thrice) (D:3)
  6 orc wizards
  Robin (D:2)
  11 gnolls
  7 adders
  A howler monkey skeleton (D:4)
  3 white imps
  2 adder skeletons
  A worm (D:3)
  A dart slug (D:1)
  23 orcs
  5 ball pythons
  7 endoplasms
  3 giant cockroaches
  10 goblins
  5 hobgoblins
  7 jackals
  7 kobolds
  2 quokkas (D:1)
  4 bats
  4 frilled lizards
  A quokka skeleton (D:4)
  8 rats
233 creatures vanquished.

Vanquished Creatures (others)
  2 fungi (Lair:1)
  A plant (Lair:1)
3 creatures vanquished.

Grand Total: 236 creatures vanquished

Notes
Turn   | Place    | Note
-------+----------+-------------------------------------------
     0 | D:1      | Fortus the Troll Monk began the quest for the Orb.
     0 | D:1      | Reached XP level 1. HP: 22/22 MP: 0/0
   175 | D:1      | Reached XP level 2. HP: 29/29 MP: 1/1
   302 | D:1      | Found a faded altar of an unknown god.
   528 | D:1      | Reached skill level 4 in Unarmed Combat
  1011 | D:2      | Found a bloodstained altar of Trog.
  1101 | D:2      | Reached XP level 3. HP: 36/36 MP: 2/2
  1303 | D:2      | Noticed Sigmund
  1309 | D:2      | Killed Sigmund
  1310 | D:2      | Reached skill level 1 in Shields
  1310 | D:2      | Reached skill level 5 in Unarmed Combat
  1310 | D:2      | Reached XP level 4. HP: 43/44 MP: 3/3
  1310 | D:2      | Reached XP level 5. HP: 49/50 MP: 4/4
  1458 | D:2      | Noticed Robin
  1474 | D:2      | Killed Robin
  1706 | D:3      | Noticed Natasha
  1721 | D:3      | Killed Natasha
  1722 | D:3      | Reached skill level 6 in Unarmed Combat
  1821 | D:3      | Found Pasusmil's Distillery.
  1831 | D:3      | Noticed Natasha
  1832 | D:3      | Noticed Jessica
  1836 | D:3      | Killed Natasha
  1837 | D:3      | Reached XP level 6. HP: 59/59 MP: 5/5
  1841 | D:3      | Killed Jessica
  1942 | D:3      | Noticed Ijyb
  1950 | D:3      | Killed Ijyb
  1971 | D:3      | Noticed Terence
  1978 | D:3      | Killed Terence
  2041 | D:3      | Found a blossoming altar of Fedhas.
  2133 | D:3      | Noticed Natasha
  2137 | D:3      | Killed Natasha
  2398 | D:3      | Found a shadowy altar of Dithmenos.
  2546 | D:4      | Noticed Edmund
  2556 | D:4      | Killed Edmund
  2557 | D:4      | Reached skill level 7 in Unarmed Combat
  2557 | D:4      | Reached XP level 7. HP: 35/66 MP: 6/6
  2570 | D:4      | Noticed Pikel
  2783 | D:4      | Killed Pikel
  2784 | D:4      | Reached skill level 8 in Unarmed Combat
  2784 | D:4      | Reached XP level 8. HP: 30/74 MP: 7/7
  3164 | D:5      | Entered Level 5 of the Dungeon
  3282 | D:5      | Found a staircase to the Ecumenical Temple.
  3317 | Temple   | Entered the Ecumenical Temple
  3678 | D:5      | Found Hodwef's Neck Hole.
  3688 | D:5      | Bought a +2 cloak for 181 gold pieces
  3704 | D:5      | Reached skill level 9 in Unarmed Combat
  3806 | D:5      | Found a runed translucent door.
  3806 | D:5      | Noticed AarnesTheHuman's ghost (novice FoFi)
  4061 | D:5      | Found a stormy altar of Qazlal.
  4311 | D:5      | Killed AarnesTheHuman's ghost
  4312 | D:5      | Reached skill level 5 in Shields
  4312 | D:5      | Reached skill level 10 in Unarmed Combat
  4408 | D:6      | Found a bloodstained altar of Trog.
  4410 | D:6      | Found a broken altar of Ashenzari.
  4410 | D:6      | Found a hazy altar of Hepliaklqana.
  4411 | D:6      | Noticed a cyclops
  4414 | D:6      | Noticed Duvessa
  4417 | D:6      | Noticed Dowan
  4418 | D:6      | Killed a cyclops
  4419 | D:6      | Reached XP level 9. HP: 66/80 MP: 8/8
  4422 | D:6      | Killed Duvessa
  4432 | D:6      | Killed Dowan
  4640 | D:6      | Reached skill level 11 in Unarmed Combat
  4676 | D:6      | Found an ornate altar of the Wu Jian Council.
  4945 | D:7      | Found a radiant altar of Vehumet.
  4947 | D:7      | Noticed a cyclops
  4961 | D:7      | Killed a cyclops
  4968 | D:7      | Reached skill level 12 in Unarmed Combat
  4972 | D:7      | Found a glowing golden altar of the Shining One.
  4991 | D:7      | Became a worshipper of the Shining One
  4991 | D:7      | Reached * piety under the Shining One
  4991 | D:7      | Reached ** piety under the Shining One
  5167 | D:7      | Found a runed translucent door.
  5168 | D:7      | Noticed Crazy Yiuf
  5274 | D:7      | Reached XP level 10. HP: 38/88 MP: 9/9
  5495 | D:7      | Killed Crazy Yiuf
  5615 | D:8      | Noticed Prince Ribbit
  5624 | D:8      | Killed Prince Ribbit
  5894 | D:8      | Noticed Psyche
  5901 | D:8      | Killed Psyche
  5902 | D:8      | Reached skill level 13 in Unarmed Combat
  5955 | D:8      | Found Yretz's Magic Scroll Shoppe.
  5964 | D:8      | Bought a scroll of identify for 26 gold pieces
  5976 | D:8      | Found Heshrun's Weapon Boutique.
  6561 | D:8      | Noticed Maggie
  6563 | D:8      | Found Ogic's Armour Boutique.
  6568 | D:8      | Killed Maggie
  7292 | D:9      | Reached skill level 14 in Unarmed Combat
  7523 | D:10     | Entered Level 10 of the Dungeon
  7550 | D:10     | Noticed Joseph
  7557 | D:10     | Killed Joseph
  7558 | D:10     | Reached XP level 11. HP: 66/94 MP: 7/10
  7654 | D:10     | Found a staircase to the Lair.
  7665 | D:10     | Reached *** piety under the Shining One
  7864 | D:10     | Found a hide-covered altar of Uskayaw.
  7912 | D:10     | Found an ancient bone altar of Kikubaaqudgha.
  7979 | D:10     | Noticed Gastronok
  7996 | D:10     | Killed Gastronok
  8245 | D:10     | Noticed Sonja
  8253 | D:10     | Killed Sonja
  8596 | Lair:1   | Entered Level 1 of the Lair of Beasts
  8613 | Lair:1   | Reached skill level 15 in Unarmed Combat
  8806 | Lair:1   | Identified the +8 hand axe of Bedinyqo {freeze, rPois rCorr
                  | Int-5}
  9055 | Lair:1   | Noticed a five-headed hydra
  9067 | Lair:1   | Killed an 11-headed hydra
  9225 | Lair:1   | Noticed a four-headed hydra
  9238 | Lair:1   | HP: 3/94 [12-headed hydra (12)]
  9238 | Lair:1   | The Shining One protects you from harm!
  9238 | Lair:1   | Mangled by a 12-headed hydra

Illustrated notes

Levels and vault maps discovered:
D:1:      dpeg_arrival_tiny_c, layout_loops_corners, basic_ecumenical_altar,
          amethyst_killhole
D:2:      layout_basic, basic_altar, uniq_robin, uniq_sigmund
D:3:      layout_basic, mainiacjoe_overflow_big_doors, serial_shops, shop,
          grunt_decor_cap, uniq_ijyb, uniq_terence, uniq_natasha, uniq_jessica
D:4:      layout_cave_pools, minmay_misc_feat_roman,
          amcnicky_mini_rare_corridor_liquid, uniq_edmund, uniq_pikel
D:5:      layout_loops_cross, mainiacjoe_overflow_boulevard,
          minmay_temple_entry_tees, hellmonk_ghost_happy_afterlife,
          nicolae_shop_sticking_my_neck_out
D:6:      layout_basic, mainiacjoe_overflow_brackets,
          chequers_temple_overflow_statue_of_worship, uniq_duvessa
D:7:      layout_cave_pools, mainiacjoe_overflow_catwalk_spiral,
          uniq_crazy_yiuf_cottage
D:8:      layout_layer_cave, serial_shops, kennysheep_mini, shop, shop,
          hex_medium, uniq_maggie, uniq_prince_ribbit1, uniq_psyche
D:9:      layout_roguey
D:10:     layout_loops_corners, mainiacjoe_overflow_alcove_1, marbit_many_paths,
          lair_entry_dummy, kennysheep_generic_room_9, uniq_sonja, uniq_joseph,
          uniq_gastronok
Temple:   minmay_temple_curvy_loop
Lair:1:   layout_regular_city

Skill      XL: |  1  2  3  4  5  6  7  8  9 10 11 |
---------------+----------------------------------+-----
Unarmed Combat | 4 5 6 7 8 10 12 14 15 | 15.7
Shields        | 1 2 3 4 5 6 8 9 |  9.2
Fighting       | |  2.4
Dodging        | |  2.4
Stealth        | |  1.0

Action                   |  1- 3 |  4- 6 |  7- 9 | 10-12 || total
-------------------------+-------+-------+-------+-------++-------
Melee: Unarmed           |    71 |    91 |   224 |   294 ||   680
       Punch             |       |     2 |    11 |       ||    13
Invok: Divine Shield     |       |       |       |     7 ||     7
  Use: Scroll            |       |       |       |     4 ||     4
 Stab: Sleeping          |     2 |     4 |       |       ||     6
Armor: Robe              |    16 |    19 |    71 |   110 ||   216
Dodge: Dodged            |    32 |    32 |    97 |    91 ||   252
Block: Kite shield       |       |       |       |   172 ||   172

Table legend: (Time is in decaauts)
 A = Elapsed time spent in this place.
 B = Non-inter-level travel time spent in this place.
 C = Inter-level travel time spent in this place.
 D = Time resting spent in this place.
 E = Time spent auto-exploring this place.
 F = Levels seen in this place.
 G = Mean time per level.
                   A        B        C        D        E       F      G
               +--------+--------+--------+--------+--------+-----+--------+
         Total |   9210 |   8677 |    533 |    284 |   7061 |  12 |  767.5 |
       Dungeon |   8272 |   7798 |    474 |    185 |   6380 |  10 |  827.2 |
        Temple |    282 |    223 |     59 |      0 |    216 |   1 |  282.0 |
          Lair |    656 |    656 |      0 |     99 |    465 |   1 |  656.0 |
               +--------+--------+--------+--------+--------+-----+--------+

Top non-repeatable levels by time:
     D:8: 1165 daAuts
    D:10: 1116 daAuts
     D:3: 1000 daAuts
     D:1: 985 daAuts
     D:5: 879 daAuts
     D:7: 765 daAuts
     D:9: 735 daAuts
  Lair:1: 656 daAuts
     D:4: 646 daAuts
     D:2: 563 daAuts
     D:6: 414 daAuts
  Temple: 282 daAuts
